 Dungeon Crawl Stone Soup version 0.30.1-11-g7821555f0a (webtiles) character file.

Game seed: 12374228501507813667

3591 Kielo the Fighter (level 10, -5/68 HPs)
             Began as a Gargoyle Fighter on Jan 14, 2024.
             Was a Believer of Makhleb.
             Slain by a yak (12 damage)
             ... on level 8 of the Dungeon.
             The game lasted 00:14:57 (7479 turns).

Kielo the Fighter (Gargoyle Fighter)                Turns: 7479, Time: 00:14:58

Health: -5/68      AC: 25    Str: 23    XL:     10   Next: 10%
Magic:  0/10       EV:  6    Int: 10    God:    Makhleb [**....]
Gold:   267        SH:  5    Dex:  9    Spells: 9/9 levels left

rFire   . . .        C - +2 mace (holy)
rCold   . . .        c - +0 buckler
rNeg    + . .        x - +0 plate armour
rPois   ∞            k - +0 helmet
rElec   +            s - +2 cloak
rCorr   .            (no gloves)
SInv    .            (no boots)
Will    .....        p - amulet of guardian spirit Stlth
                     (no ring)
HPRegen 0.31/turn    (no ring)
MPRegen 0.12/turn

%: guardian spirit
@: no status effects
A: sickness immunity, AC +7, negative energy resistance 1, electricity
resistance, torment resistance 1, petrification resistance
a: Renounce Religion, Minor Destruction


You were on level 8 of the Dungeon.
You worshipped Makhleb.
Makhleb was pleased with you.
You visited 1 branch of the dungeon, and saw 8 of its levels.

You collected 493 gold pieces.
You spent 226 gold pieces at shops.

Inventory:

Hand Weapons
 C - a +2 mace of holy wrath (weapon)
Armour
 c - a +0 buckler (worn)
 k - a +0 helmet (worn)
 l - the +0 pair of gloves of the Bells {-Tele Will+ rCorr}
   (You found it on level 5 of the Dungeon)

   -Tele:     It prevents most forms of teleportation.
   rCorr:     It protects you from acid and corrosion.
   Will:      It increases your willpower.
 s - a +2 cloak (worn)
 x - a +0 plate armour (worn)
Jewellery
 p - an amulet of guardian spirit (around neck)
 y - a ring of protection from cold
Scrolls
 a - a scroll of fog {unknown}
 b - a scroll of vulnerability
 d - a scroll of torment {unknown}
 f - a scroll of amnesia {unknown}
 n - a scroll of brand weapon {unknown}
 o - a scroll of silence {unknown}
 q - a scroll of enchant weapon {unknown}
 t - 3 scrolls of blinking {unknown}
 u - 3 scrolls of teleportation
 A - a scroll of noise {unknown}
 B - a scroll of magic mapping {unknown}
Potions
 e - 2 potions of attraction
 g - 4 potions of mutation
 h - a potion of flight
 j - 3 potions of curing
 m - 2 potions of haste
 r - 2 potions of cancellation
 w - a potion of degeneration
 z - a potion of lignification {unknown}


   Skills:
 + Level 10.7 Fighting
 + Level 7.2 Maces & Flails
 + Level 8.2 Armour
 * Level 5.8 Shields


You had 9 spell levels left.
You didn't know any spells.
Your spell library contained the following spells:

 Spells                   Type           Power      Damage    Failure   Level
 Beastly Appendage        Tmut           0%         N/A       99%         1
 Magic Dart               Conj           0%         1d3       99%         1
 Call Imp                 Summ           0%         N/A       100%        2
 Ensorcelled Hibernation  Hex/Ice        0%         N/A       100%        2
 Passwall                 Tmut/Erth      0%         N/A       100%        2
 Wereblood                Tmut           0%         N/A       100%        2
 Inner Flame              Hex/Fire       0%         N/A       100%        3
 Mephitic Cloud           Conj/Pois/Air  0%         N/A       100%        3
 Spider Form              Tmut/Pois      0%         N/A       100%        3
 Stone Arrow              Conj/Erth      0%         3d7       100%        3
 Swiftness                Air            0%         N/A       100%        3
 Tukima's Dance           Hex            0%         N/A       100%        3
 Animate Armour           Summ/Erth      0%         N/A       100%        4
 Passage of Golubria      Tloc           0%         N/A       100%        4
 Alistair's Intoxication  Tmut/Pois      0%         N/A       100%        5
 Borgnjor's Vile Clutch   Necr/Erth      0%         N/A       100%        5
 Yara's Violent Unravell  Hex/Tmut       0%         3d3       100%        5
 Eringya's Noxious Bog    Tmut/Pois      0%         N/A       100%        6
 Enfeeble                 Hex            0%         N/A       100%        7
 Lehudib's Crystal Spear  Conj/Erth      0%         10d2      100%        8


Dungeon Overview and Level Annotations

Branches:
Dungeon (8/15)             Temple (0/1) D:5
   Lair: D:8-11

Altars:
Elyvilon
Makhleb
Okawaru
Uskayaw
Wu Jian
Yredelemnul

Shops:
D:7 (   D:8 [

Portals:
Abyss: D:3

Annotations:
D:3 2 transporters, oldnick's ghost, weakling OpEE
D:4 1 runed translucent door, Crazy Yiuf


Innate Abilities, Weirdness & Mutations

You are immune to sickness and miasma.
Your stone body is resilient. (AC +7)
You are immune to poison.
You resist negative energy. (rN+)
You are resistant to electric shocks. (rElec)
You are resistant to unholy torment.
You are immune to petrification.


Message History

You thump the yak!
The yak is severely wounded.
The yak barely misses you. The yak closely misses you.
The yak barely misses you. The yak gores you but does no damage.
You hit the yak.
The yak is almost dead.
The yak gores you but does no damage. The yak gores you.
You closely miss the yak.
The yak is almost dead.
You block the yak's attack. The yak barely misses you.
You closely miss the yak.
The yak is almost dead.
You block the yak's attack. The yak closely misses you.
You hit the yak.
The yak is almost dead.
The yak gores you but does no damage. The yak gores you.
You hit the yak.
You kill the yak!
Makhleb accepts your kill. You block the yak's attack.
Your Maces & Flails skill increases to level 7!
You have reached level 10!
You hit the yak.
The yak is lightly wounded.
The yak closely misses you. x2
You thump the yak!
The yak is heavily wounded.
The yak gores you. The yak gores you!
You hit the yak.
The yak is severely wounded.
The yak closely misses you. The yak gores you but does no damage.
You barely miss the yak.
The yak is severely wounded.
The yak gores you but does no damage. The yak barely misses you.
You hit the yak but do no damage.
The yak is severely wounded.
The yak gores you. The yak gores you but does no damage.
You barely miss the yak.
The yak is severely wounded.
The yak gores you! x2
You hit the yak but do no damage.
The yak is severely wounded.
The yak gores you but does no damage. The yak barely misses you.
The yak gores you. The yak gores you but does no damage.
You hit the yak.
The yak is severely wounded.
The yak gores you but does no damage. x2
You barely miss the yak.
The yak is severely wounded.
The yak completely misses you. You block the yak's attack.
You hit the yak.
The yak is severely wounded.
The yak gores you!
* * * LOW HITPOINT WARNING * * *
The yak completely misses you.
You barely miss the yak.
The yak is severely wounded.
You block the yak's attack. The yak gores you but does no damage.
You sock the yak!
You kill the yak!
Makhleb accepts your kill.
You feel better. The yak gores you but does no damage.
You barely miss the yak.
The yak is heavily wounded.
The yak gores you but does no damage. x2
You hit the yak.
The yak is severely wounded.
You block the yak's attack. The yak barely misses you.
You hit the yak.
The yak is severely wounded.
The yak barely misses you. The yak gores you but does no damage.
You closely miss the yak.
The yak is severely wounded.
The yak barely misses you. The yak completely misses you.
You sock the yak!
The yak is almost dead.
You block the yak's attack. The yak barely misses you. The yak gores you!
* * * LOW HITPOINT WARNING * * *
The yak gores you but does no damage.
You hit the yak but do no damage.
The yak is almost dead.
The yak gores you.
* * * LOW HITPOINT WARNING * * *
You block the yak's attack.
You sock the yak!
You kill the yak!
Makhleb accepts your kill. The yak gores you but does no damage.
You thump the yak!
The yak is lightly wounded.
The yak gores you.
* * * LOW HITPOINT WARNING * * *
The yak gores you but does no damage.
You hit the yak.
The yak is moderately wounded.
The yak barely misses you. The yak gores you but does no damage.
You sock the yak!
The yak is heavily wounded.
The yak gores you!
You die...

..#.####.# ##.......#......
.........####..###...#.>....
.........####..###...#......
....#..####....#.. #......
.......#.....∩.....# #######
..............######
......##..##..### ###...
#.###Y..#### ####
#.##@Y....... ..#####......
.... ...... ..... ......
#.... #####


You could see 2 yaks.

Vanquished Creatures
  Grinder (D:4)
  Sigmund (D:5)
  Eustachio (D:4)
  4 yaks (D:8)
  2 basilisks (D:8)
  A wyvern (D:8)
  Menkaure (D:6)
  2 orc warriors
  A water moccasin (D:7)
  An ice beast (D:5)
  A black bear (D:5)
  2 ogres
  A centaur (D:6)
  A phantom (D:6)
  2 kobold brigands
  A bullfrog (D:7)
  A gnoll sergeant (D:7)
  2 jellies
  6 hounds
  4 orc priests
  2 iguanas
  9 orc wizards
  3 gnolls
  7 adders
  3 white imps
  An ufetubus (D:6)
  10 dart slugs
  2 worms
  36 orcs
  6 ball pythons
  7 endoplasms
  A giant cockroach (D:2)
  9 goblins
  11 hobgoblins
  5 jackals
  3 quokkas
  6 bats
  6 frilled lizards
  18 kobolds
  4 rats
185 creatures vanquished.

Notes
Turn   | Place    | Note
-------+----------+-------------------------------------------
     0 | D:1      | Kielo the Gargoyle Fighter began the quest for the Orb.
     0 | D:1      | Reached XP level 1. HP: 14/14 MP: 1/1
   175 | D:1      | Reached XP level 2. HP: 15/19 MP: 2/2
   822 | D:2      | Reached XP level 3. HP: 24/24 MP: 3/3
   831 | D:2      | Reached skill level 4 in Fighting
  1012 | D:2      | Found a faded altar of an unknown god.
  1209 | D:2      | Reached XP level 4. HP: 30/30 MP: 4/4
  1378 | D:3      | Found a transporter.
  1846 | D:3      | Found a one-way gate to the infinite horrors of the Abyss.
  1846 | D:3      | Noticed oldnick's ghost (weakling OpEE)
  1847 | D:3      | Noticed a small abomination
  1848 | D:3      | Noticed a small abomination
  1849 | D:3      | Noticed a kobold brigand
  1862 | D:3      | Found a transporter.
  2019 | D:4      | Reached XP level 5. HP: 30/34 MP: 3/5
  2036 | D:4      | Reached skill level 5 in Fighting
  2093 | D:4      | Noticed Grinder
  2116 | D:4      | Noticed Eustachio
  2190 | D:4      | Killed Eustachio
  2191 | D:4      | Reached skill level 6 in Fighting
  2191 | D:4      | Reached XP level 6. HP: 33/41 MP: 4/6
  2302 | D:4      | Paralysed by Grinder for 5 turns
  2307 | D:4      | Killed Grinder
  2308 | D:4      | Reached skill level 5 in Armour
  2308 | D:4      | Reached XP level 7. HP: 36/47 MP: 5/7
  2604 | D:4      | Found a burning altar of Makhleb.
  2604 | D:4      | Found a hide-covered altar of Uskayaw.
  2611 | D:4      | Became a worshipper of Makhleb the Destroyer
  2750 | D:4      | Reached skill level 7 in Fighting
  3076 | D:4      | Found a runed translucent door.
  3077 | D:4      | Noticed Crazy Yiuf
  3439 | D:5      | Entered Level 5 of the Dungeon
  3474 | D:5      | Noticed Sigmund
  3530 | D:5      | Killed Sigmund
  3531 | D:5      | Reached XP level 8. HP: 42/54 MP: 6/8
  3585 | D:5      | Found a staircase to the Ecumenical Temple.
  3624 | D:5      | Reached skill level 8 in Fighting
  3624 | D:5      | Reached skill level 5 in Maces & Flails
  3796 | D:5      | Reached * piety under Makhleb
  3954 | D:5      | Identified the +0 pair of gloves of the Bells {-Tele Will+
                  | rCorr}
  3974 | D:5      | Found a white marble altar of Elyvilon.
  4059 | D:5      | Found a basalt altar of Yredelemnul.
  4316 | D:5      | Found an iron altar of Okawaru.
  4619 | D:6      | Noticed Menkaure
  4632 | D:6      | Killed Menkaure
  4809 | D:6      | Reached skill level 9 in Fighting
  5210 | D:6      | Reached XP level 9. HP: 60/60 MP: 7/9
  5658 | D:6      | Reached ** piety under Makhleb
  5807 | D:7      | Found an ornate altar of the Wu Jian Council.
  6145 | D:6      | Reached skill level 10 in Fighting
  6446 | D:7      | Found Zumicikk's Weapon Shoppe.
  6454 | D:7      | Bought a +2 mace of holy wrath for 226 gold pieces
  7295 | D:8      | Found Hewoskin's Armour Boutique.
  7440 | D:8      | Reached skill level 5 in Shields
  7458 | D:8      | Reached XP level 10. HP: 51/68 MP: 5/10
  7479 | D:8      | Slain by a yak

Illustrated notes

Levels and vault maps discovered:
D:1:      lightli_arrival_isolated_outpost, layout_basic, minmay_distorted
D:2:      minmay_wonky_spiral, layout_basic,
          hellmonk_ecumenical_altar_heavens_door, guppyfry_early_lair_pool
D:3:      layout_rooms, gammafunk_ghost_abyssal_escape
D:4:      layout_loops_cross, nicolae_overflow_two_pavilions, serial_rivers,
          chequers_serial_rivers_small_b, chequers_serial_rivers_micro_e,
          chequers_serial_rivers_micro_e, chequers_serial_rivers_micro_e,
          chequers_serial_rivers_large_a, minmay_vboxes, uniq_grinder,
          uniq_eustachio, uniq_crazy_yiuf_cottage
D:5:      kennysheep_slugbush, layout_basic, marbit_many_paths,
          elyvilon_altar_3, mainiacjoe_overflow_24_doors, temple_pool_b,
          uniq_sigmund
D:6:      layout_basic, serial_rivers, chequers_serial_rivers_marsh,
          chequers_serial_rivers_micro_e, chequers_serial_rivers_micro_c,
          chequers_serial_rivers_small_3, nicolae_lava_and_water,
          kennysheep_generic_room_9, uniq_menkaure
D:7:      layout_loops_corners, mainiacjoe_overflow_concentric_impassable,
          serial_shops, shop
D:8:      layout_rooms, erik_lair_dragon, serial_shops, nicolae_square_shop

Skill      XL: |  1  2  3  4  5  6  7  8  9 |
---------------+----------------------------+-----
Fighting       | 4 6 7 9 10 | 10.7
Armour         | 4 5 6 8 |  8.2
Maces & Flails | 3 4 5 7 |  7.2
Shields        | 5 |  5.8

Action                     |  1- 3 |  4- 6 |  7- 9 | 10-12 || total
---------------------------+-------+-------+-------+-------++-------
  Melee: Flail             |   107 |   174 |   434 |       ||   715
         Mace              |       |       |   107 |    22 ||   129
  Evoke: Wand              |       |    12 |     6 |       ||    18
    Use: Scroll            |     4 |     3 |     3 |       ||    10
         Potion            |       |     1 |     4 |       ||     5
 Armour: Scale mail        |    71 |       |       |       ||    71
         Chain mail        |    12 |   119 |   142 |       ||   273
         Plate armour      |       |       |   315 |    16 ||   331
  Dodge: Dodged            |    69 |    83 |   162 |    13 ||   327
  Block: Buckler           |    28 |    50 |   113 |     5 ||   196
